 Dungeon Crawl Stone Soup version 0.18-a0-1293-g5a2c81a (webtiles) character file.

144442 Gagarin the Spry (level 16, -9/149 HPs)
             Began as a Minotaur Fighter on Feb 10, 2016.
             Was the Champion of Makhleb.
             Killed from afar by a thorn hunter (24 damage)
             ... with a volley of thorns
             ... on level 1 of the Swamp.
             The game lasted 02:27:04 (22815 turns).

Gagarin the Spry (Minotaur Fighter)                Turns: 22815, Time: 02:27:04

Health: -9/149     AC: 32    Str: 26    XL:     16   Next: 55%
Magic:  15/15      EV: 15    Int: 12    God:    Makhleb [******]
Gold:   1363       SH: 14    Dex: 12    Spells: 0 memorised, 15 levels left

rFire  . . .     SeeInvis .     x - +6 war axe of the Lonely Nights {flame, rElec rPois}
rCold  + + .     Gourm    .     V - +6 chain mail of Asezi {*Drain rElec rN+ Int+6 Stlth-}
rNeg   + . .     Faith    .     p - +0 shield
rPois  +         Spirit   .     q - +2 hat
rElec  +         Dismiss  .     T - +2 cloak {MR+}
rCorr  .         Reflect  .     X - +2 pair of gloves {Str+3}
SustAt .         Harm     .     c - +0 pair of boots {Fly}
MR     ++...                    Q - amulet of regeneration
Stlth  ..........               H - ring of protection from cold
                                v - ring of protection from cold

@: flying, very resistant to hostile enchantments, extremely unstealthy
A: retaliatory headbutt, hooves 1, horns 2, iridescent scales 1, weak 1
a: Minor Destruction, Lesser Servant of Makhleb, Major Destruction, Greater
Servant of Makhleb, Renounce Religion, Stop Flying
}: 1/15 runes: gossamer


You were on level 1 of the Swamp.
You worshipped Makhleb.
Makhleb was exalted by your worship.
You were near starving.

You visited 5 branches of the dungeon, and saw 25 of its levels.
You also visited: Labyrinth, Bailey, Ice Cave and Volcano.

You collected 1636 gold pieces.
You spent 273 gold pieces at shops.

Inventory:

Hand Weapons
 x - the +6 war axe of the Lonely Nights (weapon) {flame, rElec rPois}
   (You found it on level 4 of the Lair of Beasts)

   It has been specially enchanted to burn those struck by it, causing extra
   injury to most foes and up to half again as much damage against particularly
   susceptible opponents.
   Big, fiery blades are also staple armaments of hydra-hunters.
   It insulates you from electricity.
   It protects you from poison.
 S - a +7 hand crossbow of evasion
Missiles
 R - 9 throwing nets (quivered)
Armour
 c - a +0 pair of boots of flying (worn)
 p - a +0 shield (worn)
 q - a +2 hat (worn)
 T - a +2 cloak of magic resistance (worn)
 V - the +6 chain mail of Asezi (worn) {*Drain rElec rN+ Int+6 Stlth-}
   (You took it off a minotaur in a labyrinth)

   It affects your intelligence (+6).
   It insulates you from electricity.
   It protects you from negative energy.
   It causes draining when unequipped.
   It makes you less stealthy.
 X - a +2 pair of gloves of strength (worn)
Rods
 n - a +8 lightning rod (13/13)
   (You found it in a labyrinth)
Jewellery
 t - the ring of Cidiq {rCorr rC- Str+3 Int+7 SInv}
   (You found it in a labyrinth)

   [ring of resist corrosion]

   It affects your strength (+3).
   It affects your intelligence (+7).
   It makes you vulnerable to cold.
   It lets you see invisible.
 v - a ring of protection from cold (left hand)
 G - a +4 ring of evasion
 H - a ring of protection from cold (right hand)
 Q - an amulet of regeneration (around neck)
Wands
 a - a wand of iceblast (8/15)
 e - a wand of polymorph (9/24)
 h - a wand of flame (30/48)
Scrolls
 f - 3 scrolls of enchant armour
 g - 7 scrolls of remove curse
 i - 5 scrolls of teleportation
 k - 5 scrolls of identify
 y - a scroll of silence
 z - a scroll of summoning
 C - 3 scrolls of fog
 D - 5 scrolls of fear
 F - 5 scrolls of magic mapping
 P - a scroll of blinking
Potions
 d - a potion of might
 j - 2 potions of agility
 o - 8 potions of curing
 E - 2 potions of berserk rage
 I - 2 potions of cancellation
 L - a potion of invisibility
 Y - a potion of lignification
Miscellaneous
 M - a sack of spiders
Comestibles
 b - a chunk of flesh
 r - 6 bread rations
 u - a royal jelly


   Skills:
 + Level 15.0 Fighting
 + Level 13.0(15.8) Axes
 + Level 13.9(15.8) Maces & Flails
   Level 6.4(10.7) Polearms
 + Level 0.2 Throwing
 + Level 11.9 Armour
 + Level 15.3 Dodging
 + Level 6.4 Stealth
 + Level 13.8 Shields
 + Level 1.3 Invocations


You had 15 spell levels left.
You didn't know any spells.

Dungeon Overview and Level Annotations

Branches:
Dungeon (10/15)            Temple (0/1) D:4            Lair (8/8) D:10
  Swamp (1/4) Lair:5       Spider (4/4) Lair:4        Slime (2/6) Lair:7
    Orc: D:9-12

Altars:
Makhleb
Nemelex Xobeh
Qazlal
Vehumet
Zin
The Shining One
Jiyva

Shops:
D:8 *   D:9 [


Innate Abilities, Weirdness & Mutations

You reflexively headbutt those who attack you in melee.
You have a pair of horns on your head.
You have large cloven feet.
You are partially covered in iridescent scales (AC +4).
You are weak. (Str -2)


Message History

The briar patch crumbles away.
The thorn hunter fires a volley of thorns at you.
The volley of thorns hits you!
The thorn hunter fires a volley of thorns at you.
The volley of thorns hits you!
Drink which item? (? for menu, Esc to quit)
You feel much better.
You are engulfed in a cloud of scalding steam.
The briar patch crumbles away.
The thorn hunter fires a volley of thorns at you.
The volley of thorns hits you!
The thorn hunter is engulfed in a cloud of scalding steam.
The thorn hunter fires a volley of thorns at you.
The volley of thorns hits you!
The thorn hunter fires a volley of thorns at you.
The volley of thorns hits you!
* * * LOW HITPOINT WARNING * * *
The thorn hunter fires a volley of thorns at you.
The volley of thorns hits you!
You die...

♣.≈♣≈≈♣♣ ♣♣♣..≈≈...≈.♣
♣.≈≈≈≈.♣♣♣ ♣♣..≈≈♣♣≈.♣
♣.≈≈≈....♣♣ ♣♣.≈≈≈♣≈.♣
♣♣≈.≈.≈♣≈.♣ ♣♣...≈≈.♣♣
♣♣...≈≈≈.♣♣ ♣♣♣.....♣
♣♣....≈..♣♣♣ ♣..♣♣≈♣
♣.≈≈...≈f.♣♣ ♣♣.♣♣≈♣♣♣
♣♣.≈≈≈..P≈P.♣♣♣.≈PP...♣
♣..♣≈≈≈≈PP≈.≈≈@.♣≈≈.♣.≈♣
♣♣.≈≈≈≈.≈.≈≈.≈≈...PP..≈≈..♣
♣...≈≈.≈≈...♣♣♣♣♣♣PP..♣♣♣≈≈
♣♣♣♣♣♣♣♣♣♣♣♣♣ ♣♣♣♣♣♣


You could see a thorn hunter.

Vanquished Creatures
  An acid blob (Slime:1)
  Gastronok (D:8)
  2 azure jellies (Slime:1)
  3 ghost moths
  3 emperor scorpions (Spider:4)
  A spark wasp (Spider:3)
  A blizzard demon (IceCv)
  A minotaur (Lab)
  A fire dragon (Lair:1)
  The ghost of Tomstefer the Thaumaturge, a journeyman GrFE of Vehumet (Lair:4)
  Erolcha (D:9)
  2 entropy weavers
  Erica (D:8)
  6 hydras
  2 death yaks (Lair:3)
  Urug (Volcano)
  15 orb spiders
  A necromancer (D:9)
  36 wolf spiders
  2 moths of wrath
  6 hornets
  16 elephants
  3 black mambas
  Psyche (D:8)
  4 ice statues (IceCv)
  2 molten gargoyles (Volcano)
  2 torpor snails
  Joseph (D:9)
  11 spiny frogs
  11 komodo dragons
  8 ice devils (IceCv)
  2 anaconda simulacra (IceCv)
  17 demonic crawlers
  29 jumping spiders
  2 polar bears
  17 slime creatures
  2 trolls
  31 blink frogs
  A boulder beetle (Spider:1)
  2 flying skulls (D:9)
  43 tarantellas
  A spriggan (Lair:6)
  75 redbacks
  3 dire elephant simulacra (IceCv)
  A shadow (D:9)
  49 yaks
  Grum (D:10)
  6 hippogriffs
  4 basilisks
  A steam dragon (D:8)
  13 wolves
  5 insubstantial wisps (Swamp:1)
  A harpy simulacrum (IceCv)
  2 iron troll simulacra (IceCv)
  11 water moccasins
  A swamp worm (Swamp:1)
  2 hydra simulacra (IceCv)
  19 porcupines
  4 sky beasts
  8 orc warriors
  A swamp drake (Swamp:1)
  2 wasps
  A black bear (Lair:6)
  2 phantoms
  An eye of draining (Slime:1)
  11 ice beasts
  4 necrophages
  4 centaurs
  10 ogres
  12 crocodiles
  2 big kobolds
  11 giant frogs
  8 gnoll sergeants (Bailey)
  A wyvern zombie (D:9)
  4 scorpions
  A water moccasin skeleton (D:9)
  A water moccasin zombie (D:9)
  A wyvern skeleton (D:9)
  9 wights
  3 crimson imps
  2 giant frog zombies (D:9)
  6 hounds
  2 jellies
  A lava snake (Volcano)
  3 giant frog skeletons
  4 centaur zombies
  7 gnoll shamans
  10 orc priests
  7 orc wizards
  Ijyb (D:3)
  10 iguanas
  2 hell rats (Lair:7)
  5 worker ants
  A killer bee zombie (D:9)
  9 sheep (D:10)
  4 hound zombies (D:9)
  3 hound skeletons
  A worker ant zombie (D:9)
  14 gnolls (Bailey)
  7 adders
  97 river rats
  A shadow imp (D:7)
  2 oozes
  3 adder skeletons (D:9)
  An adder zombie (D:6)
  5 worms
  3 giant geckos
  26 orcs
  5 giant cockroaches
  9 hobgoblins
  8 jackals
  6 quokkas
  3 ball pythons
  8 bats
  2 giant gecko skeletons
  4 giant newts
  5 goblins
  17 kobolds
  9 rats
  2 briar patches (Swamp:1)
  2 fungi
  7 plants
913 creatures vanquished.

Vanquished Creatures (others)
  A blizzard demon (IceCv)
  3 redbacks
  4 briar patches (Swamp:1)
  3 fungi
  3 plants (D:10)
14 creatures vanquished.

Grand Total: 927 creatures vanquished

Notes
Turn   | Place    | Note
--------------------------------------------------------------
     0 | D:1      | Gagarin the Minotaur Fighter began the quest for the Orb.
     0 | D:1      | Reached XP level 1. HP: 19/19 MP: 0/0
   182 | D:1      | Reached skill level 4 in Shields
   182 | D:1      | Reached XP level 2. HP: 27/27 MP: 1/1
   688 | D:2      | Reached XP level 3. HP: 31/33 MP: 2/2
  1058 | D:2      | Found Zin's Purification Station.
  1067 | D:2      | Found a glowing silver altar of Zin.
  1236 | D:2      | Bought a potion of curing for 90 gold pieces
  1421 | D:3      | Found a radiant altar of Vehumet.
  1449 | D:3      | Noticed Ijyb
  1464 | D:3      | Killed Ijyb
  1464 | D:3      | Reached skill level 1 in Dodging
  1464 | D:3      | Reached XP level 4. HP: 33/40 MP: 3/3
  1737 | D:3      | Found a stormy altar of Qazlal.
  1737 | D:3      | Found a burning altar of Makhleb.
  1749 | D:3      | Became a worshipper of Makhleb the Destroyer
  2241 | D:4      | Noticed an ogre
  2423 | D:4      | Killed an ogre
  2423 | D:4      | Reached skill level 5 in Armour
  2423 | D:4      | Reached skill level 5 in Shields
  2423 | D:4      | Reached XP level 5. HP: 44/46 MP: 4/4
  2539 | D:4      | Found a staircase to the Ecumenical Temple.
  2601 | D:4      | Reached XP level 6. HP: 31/53 MP: 5/5
  2612 | D:4      | Reached * piety under Makhleb
  3136 | D:4      | Found a glowing golden altar of the Shining One.
  3212 | D:5      | Entered Level 5 of the Dungeon
  3592 | D:5      | Reached skill level 5 in Fighting
  3633 | D:4      | Reached XP level 7. HP: 17/61 MP: 6/6
  4010 | D:5      | Got an ivory mace
  4140 | D:5      | Reached skill level 6 in Armour
  4409 | D:5      | Identified the cursed +1 mace "Falas" {freeze, +Fly rPois rF- Int+3} (You found it on level 5 of the Dungeon)
  4684 | D:6      | Got a blackened trident
  4687 | D:6      | Identified the +4 trident "Gunuh" {freeze, *Rage rN+ MR++} (You found it on level 6 of the Dungeon)
  4837 | D:6      | Reached skill level 5 in Maces & Flails
  4837 | D:6      | Reached XP level 8. HP: 61/69 MP: 7/7
  4840 | D:6      | Reached skill level 7 in Armour
  5141 | D:6      | Reached ** piety under Makhleb
  5178 | D:6      | Reached skill level 1 in Polearms
  5374 | D:7      | Found a glowing golden altar of the Shining One.
  5624 | D:7      | Reached skill level 5 in Dodging
  5660 | D:7      | Reached skill level 8 in Armour
  5726 | D:7      | Found a flagged portal.
  5735 | Bailey   | Entered a bailey
  5816 | Bailey   | Reached XP level 9. HP: 78/78 MP: 8/8
  5935 | Bailey   | Reached *** piety under Makhleb
  6007 | Bailey   | Got a smoking dire flail
  6041 | Bailey   | Identified the +3 dire flail "Ufeit" {crush, MP-9 Str+2 Dex+5} (You found it in a bailey)
  6652 | D:7      | Reached skill level 5 in Polearms
  6984 | D:8      | Reached skill level 9 in Armour
  6995 | D:8      | Found Minnyrorph's Assorted Antiques.
  6998 | D:8      | Bought a scroll of identify for 62 gold pieces
  6998 | D:8      | Bought a scroll labeled APUXOT FET DUQ for 31 gold pieces
  6999 | D:8      | Noticed Erica
  7001 | D:8      | Killed Erica
  7001 | D:8      | Reached skill level 1 in Stealth
  7001 | D:8      | Reached XP level 10. HP: 86/88 MP: 0/9
  7174 | D:8      | Noticed Psyche
  7178 | D:8      | Killed Psyche
  7262 | D:8      | Reached **** piety under Makhleb
  7404 | D:8      | Noticed Gastronok
  7442 | D:8      | Killed Gastronok
  7442 | D:8      | Reached skill level 10 in Armour
  8097 | D:9      | Got a bloodstained leather armour
  8107 | D:9      | Identified the +3 leather armour "Hiceu" {Dex+6} (You found it on level 9 of the Dungeon)
  8165 | D:9      | Found Aniovvy's Antique Armour Shoppe.
  8173 | D:9      | Noticed Erolcha
  8182 | D:9      | Killed Erolcha
  8182 | D:9      | Reached XP level 11. HP: 93/97 MP: 1/10
  8201 | D:9      | Bought a runed cloak for 90 gold pieces
  8230 | D:9      | Reached ***** piety under Makhleb
  8383 | D:9      | Noticed a necromancer
  8402 | D:9      | Killed a necromancer
  8544 | D:9      | Noticed Joseph
  8554 | D:9      | Killed Joseph
  8627 | D:9      | Got a steaming ring mail
  8628 | D:9      | Identified the +2 ring mail "Pafixite" {rC+ Dex+4} (You found it on level 9 of the Dungeon)
  8832 | D:9      | Found a sparkling altar of Nemelex Xobeh.
  8904 | D:10     | Entered Level 10 of the Dungeon
  8904 | D:10     | Noticed Grum
  8912 | D:9      | Reached skill level 10 in Fighting
  8936 | D:10     | Killed Grum
  8974 | D:10     | Reached skill level 10 in Maces & Flails
  9032 | D:10     | Found a staircase to the Lair.
  9099 | Lair:1   | Entered Level 1 of the Lair of Beasts
  9108 | Lair:1   | Reached ****** piety under Makhleb
  9145 | Lair:1   | Noticed a six-headed hydra
  9154 | Lair:1   | Killed a six-headed hydra
  9308 | Lair:1   | Reached skill level 11 in Maces & Flails
  9308 | Lair:1   | Reached XP level 12. HP: 108/108 MP: 2/11
  9411 | Lair:1   | Noticed a seven-headed hydra
  9417 | Lair:1   | Killed a seven-headed hydra
  9417 | Lair:1   | Reached skill level 10 in Dodging
  9420 | Lair:1   | Noticed a fire dragon
  9439 | Lair:1   | Killed a fire dragon
  9665 | Lair:1   | Got a bronze leather armour
 10025 | Lair:2   | Identified the +1 leather armour of Xoang {-Tele rPois Slay+3} (You found it on level 1 of the Lair of Beasts)
 10879 | Lair:3   | Found a dark tunnel.
 10889 | Lair:3   | Reached skill level 12 in Maces & Flails
 10915 | Lair:3   | Noticed a death yak
 10932 | Lair:3   | Noticed a death yak
 10949 | Lair:3   | Killed a death yak
 10960 | Lair:3   | Killed a death yak
 11031 | Volcano  | Entered a volcano
 11326 | Volcano  | Found a burning altar of Makhleb.
 11326 | Volcano  | Noticed Urug
 11344 | Volcano  | Killed Urug
 11664 | Volcano  | Gained mutation: You are partially covered in iridescent scales (AC +4). [potion of mutation]
 11664 | Volcano  | Gained mutation: You have large cloven feet. [potion of mutation]
 12559 | Lair:4   | Reached skill level 13 in Maces & Flails
 12736 | Lair:4   | Reached XP level 13. HP: 109/117 MP: 3/12
 12793 | Lair:4   | Got an iridescent war axe
 12807 | Lair:4   | Found a hole to the Spider Nest.
 12820 | Lair:4   | Identified the +6 war axe of the Lonely Nights {flame, rElec rPois} (You found it on level 4 of the Lair of Beasts)
 13006 | Lair:4   | Reached skill level 5 in Stealth
 13039 | Lair:4   | Got a dazzling cloak
 13337 | Lair:4   | Noticed Tomstefer's ghost (journeyman GrFE)
 13356 | Lair:4   | Killed Tomstefer's ghost
 13707 | Lair:2   | Identified the +1 cloak "Jigradec" {rC+ Dex+3} (You found it on level 4 of the Lair of Beasts)
 13791 | Spider:1 | Entered Level 1 of the Spider Nest
 13960 | Spider:1 | Reached skill level 1 in Axes
 14445 | Spider:2 | Reached skill level 10 in Shields
 14476 | Spider:2 | Reached skill level 5 in Axes
 14746 | Spider:2 | Reached XP level 14. HP: 127/127 MP: 13/13
 15861 | Lair:2   | Identified 2 scrolls of acquirement
 16147 | Spider:2 | Killed a ghost moth
 16147 | Spider:2 | Reached skill level 1 in Invocations
 16834 | Spider:4 | Entered Level 4 of the Spider Nest
 16990 | Spider:4 | Found a frozen archway.
 17015 | IceCv    | Entered an ice cave
 17312 | IceCv    | Reached XP level 15. HP: 109/136 MP: 14/14
 17367 | IceCv    | Got a faintly humming gold dragon armour
 17514 | Spider:4 | Identified the cursed +0 gold dragon armour "Zust" {+Fly rElec rPois rF+ rC+ rCorr} (You found it in an ice cave)
 17712 | Spider:4 | Reached skill level 14 in Dodging
 17761 | Spider:4 | Noticed a ghost moth
 17777 | Spider:4 | Killed a ghost moth
 17848 | Spider:4 | Reached skill level 10 in Axes
 17923 | Spider:4 | Noticed a ghost moth
 17932 | Spider:4 | Killed a ghost moth
 18023 | Spider:4 | Noticed a ghost moth
 18287 | Spider:4 | Got a gossamer rune of Zot
 18827 | Lair:5   | Found a staircase to the Swamp.
 19729 | Lair:6   | Reached XP level 16. HP: 147/147 MP: 15/15
 19936 | Lair:6   | Reached skill level 15 in Dodging
 20425 | Lair:7   | Found a staircase to the Slime Pits.
 20425 | Lair:7   | Found a viscous altar of Jiyva.
 21154 | Lair:8   | Entered Level 8 of the Lair of Beasts
 21592 | Lair:8   | Found a labyrinth entrance.
 21602 | Lab      | Entered a labyrinth
 21763 | Lab      | Got a faintly glowing chain mail
 21778 | Lab      | Got an ancient copper ring
 21798 | Lair:8   | Identified the +6 chain mail of Asezi {*Drain rElec rN+ Int+6 Stlth-} (You took it off a minotaur in a labyrinth)
 21799 | Lair:8   | Identified the ring of Cidiq {rCorr rC- Str+3 Int+7 SInv} (You found it in a labyrinth)
 22140 | Slime:1  | Entered Level 1 of the Pits of Slime
 22240 | Slime:1  | Noticed an acid blob
 22247 | Slime:1  | Killed an acid blob
 22571 | Slime:2  | Gained mutation: You are weak. (Str -2) [a shining eye]
 22669 | Swamp:1  | Entered Level 1 of the Swamp
 22695 | Swamp:1  | Reached skill level 15 in Fighting
 22782 | Swamp:1  | Noticed a thorn hunter
 22815 | Swamp:1  | Killed from afar by a thorn hunter

Vault maps used:
D:1:      dpeg_arrival_fog
D:2:      zin_purify
D:3:      fiery_altar_vehumet, gammafunk_temple_overflow_pools, uniq_iyjb
D:4:      kennysheep_little_box, minmay_temple_entry_butterflies
D:5:      first_bread, roderic_roman_lattice, hex_intersection
D:6:      minmay_joined_circles
D:7:      enter_bailey_2, grunt_ogre_cave, tso_metal_star
D:8:      serial_shops, shop, uniq_psyche, uniq_gastronok, uniq_erica
D:9:      hangedman_screamer, nicolae_overflow_hidden_temple, serial_shops,
          shop, uniq_joseph, uniq_erolcha
D:10:     minmay_lair_entry_grove, serial_shops, kennysheep_mini, basic_altar,
          uniq_grum, uniq_sonja
Lair:1:   dragon1_lemuel, cheibrodos_lair_reptile_den, grunt_megastairs_5
Lair:2:   lemuel_fruit_tree, grunt_megastairs_3, serial_bayou_shore_b
Lair:3:   nicolae_volcano_entry_lava_flow, serial_bayou_shore_a
Lair:4:   spider_nest_entry_web_field, minivault_23
Lair:5:   swamp_mist_pool, beast_lair_carwin_8
Lair:6:   grunt_forest_stairs_clearing
Lair:7:   kennysheep_rathole, slime_altar_1, fungi_pond_lemuel,
          infiniplex_staircase_pool_2
Lair:8:   due_jungle_book, lab_entry_generic
Swamp:1:  hangedman_swamp_pad, infiniplex_staircase_pool
Spider:4: grunt_spider_rune_parallel, portal_ice_cave_entry_ice_beasts,
          nicolae_crawler_farm
Lab:      labyrinth_watery
Bailey:   bailey_polearm_gnolls_kennysheep, bailey
IceCv:    ice_cave_tombish
Volcano:  volcano_lake

Action                   |  1- 3 |  4- 6 |  7- 9 | 10-12 | 13-15 | 16-18 || total
-------------------------+-------+-------+-------+-------+-------+-------++-------
Melee: Flail             |    94 |   155 |    41 |       |       |       ||   290
       Trident           |       |       |   163 |       |       |       ||   163
       Mace              |       |       |     6 |       |       |       ||     6
       Dire flail        |       |       |    18 |   534 |    96 |       ||   648
       War axe           |       |       |       |       |   899 |   328 ||  1227
Throw: Throwing net      |       |       |       |       |     6 |       ||     6
Invok: Major Destruction |       |       |       |       |     3 |     1 ||     4
       Greater Servant o |       |       |       |       |     1 |       ||     1
 Abil: Stop Flying       |       |       |       |       |     1 |     1 ||     2
       Evoke Flight      |       |       |       |       |       |     2 ||     2
Evoke: Wand              |       |       |     1 |       |       |     3 ||     4
  Use: Potion            |       |     1 |       |     9 |     6 |     4 ||    20
       Scroll            |       |       |     7 |    12 |    11 |     9 ||    39
 Stab: Distracted        |       |       |     1 |       |     1 |       ||     2
       Sleeping          |       |       |       |     8 |    10 |     3 ||    21
       Held in net/web   |       |       |       |       |     4 |       ||     4
  Eat: Chunk             |     2 |     6 |    11 |    19 |    11 |     8 ||    57
       Meat ration       |       |       |     1 |       |     1 |       ||     2
       Fruit             |       |       |       |       |     8 |     3 ||    11
       Beef jerky        |       |       |       |       |     1 |       ||     1
